 Dungeon Crawl Stone Soup version 0.23-a0-619-g281719c (webtiles) character file.

7848 zishaf the Cutter (level 11, -3/58 HPs)
             Began as a Vine Stalker Assassin on Dec 23, 2018.
             Was a Follower of Uskayaw.
             Slain by a cyan very ugly thing (18 damage)
             ... on level 2 of the Abyss.
             The game lasted 00:20:51 (8503 turns).

zishaf the Cutter (Vine Stalker Assassin)           Turns: 8503, Time: 00:20:52

Health: -3/58      AC:  9    Str: 17    XL:     11   Next: 21%
Magic:  0/17       EV: 11    Int: 11    God:    Uskayaw [*.....]
Gold:   426        SH:  8    Dex: 16    Spells: 10/10 levels left

rFire    . . .     SeeInvis .   a - +3 dagger (elec)
rCold    . . .     Gourm    .   s - +0 buckler
rNeg     . . .     Faith    .   r - +0 ring mail
rPois    .         Spirit   +   (no helmet)
rElec    .         Reflect  +   d - +0 cloak
rCorr    .         Harm     .   i - +0 pair of gloves
MR       ++...                  (no boots)
Stlth    ++++......             J - +3 amulet of reflection
HPRegen  0.59/turn              c - ring of stealth
MPRegen  0.15/turn              w - ring of protection from magic

@: about to teleport
A: fangs 3, regeneration 1, magic shield, antimagic bite, no potion heal 3, rot
immunity
a: Stomp, Renounce Religion


You were on level 2 of the Abyss.
You worshipped Uskayaw.
Uskayaw was noncommittal.
You were not hungry.

You visited 1 branch of the dungeon, and saw 10 of its levels.
You visited the Abyss 1 time.

You collected 653 gold pieces.
You spent 227 gold pieces at shops.

Inventory:

Hand Weapons
 a - a +3 dagger of electrocution (weapon)
 b - a +0 blowgun
 T - a +0 dagger of venom
Missiles
 e - 79 poisoned needles
 f - 2 curare-tipped needles
 l - 229 stones (quivered)
 L - 5 needles of paralysis
Armour
 d - a +0 cloak (worn)
 i - a +0 pair of gloves (worn)
 r - a +0 ring mail (worn)
 s - a +0 buckler (worn)
 A - a +0 crystal plate armour
Jewellery
 c - a ring of stealth (left hand)
 m - an uncursed ring of see invisible
 w - a ring of protection from magic (right hand)
 J - a +3 amulet of reflection (around neck)
 M - an uncursed ring of protection from fire
 N - an uncursed ring of ice
Wands
 t - a wand of acid (13)
 v - a wand of paralysis (4)
 I - a wand of polymorph (9)
 O - a wand of disintegration (14)
 P - a wand of iceblast (11)
Scrolls
 j - 3 scrolls of magic mapping
 o - 3 scrolls of blinking
 q - 3 scrolls of noise {unknown}
 y - 4 scrolls of enchant weapon
 D - 2 scrolls of enchant armour {unknown}
 F - a scroll of immolation {unknown}
 G - a scroll of random uselessness {unknown}
 H - a scroll of fog {unknown}
 Q - a scroll of amnesia {unknown}
 R - a scroll of remove curse {unknown}
 U - 3 scrolls of summoning {unknown}
Potions
 h - 4 potions of invisibility
 k - a potion of agility {unknown}
 p - 2 potions of magic
 u - 2 potions of flight
 x - a potion of resistance
 z - a potion of lignification
 B - 2 potions of mutation
 C - 2 potions of brilliance
 E - 4 potions of curing
 K - a potion of cancellation
 S - a potion of haste
Comestibles
 g - 22 rations


   Skills:
 + Level 7.4 Fighting
 + Level 7.5 Short Blades
 + Level 2.4 Throwing
 * Level 6.7 Armour
 - Level 1.6 Dodging
 + Level 7.4 Stealth
 - Level 4.0 Shields
 + Level 7.1 Invocations


You had 10 spell levels left.
You didn't know any spells.
Your spell library was empty.

Dungeon Overview and Level Annotations

Branches:
Dungeon (10/15)            Temple (0/1) D:5            Lair (0/6) D:8
    Orc (0/2) D:10

Altars:
Cheibriados
Fedhas
Gozag
Hepliaklqana
Kikubaaqudgha
Nemelex Xobeh
Okawaru
Ru
Trog
Uskayaw
Vehumet
Xom
Yredelemnul
Zin

Shops:
D:5 =   D:6 *:!(:

Annotations:
D:2 exclusion: downstairs
D:6 2 transporters
D:10 Sonja


Innate Abilities, Weirdness & Mutations

You have razor-sharp teeth.
Your natural rate of healing is unusually fast.
When hurt, damage is shared between your health and your magic reserves.
Your bite disrupts and absorbs the magic of your enemies.
Potions cannot restore your health.
You are immune to rotting.


Message History

The ufetubus hits you but does no damage.
You are suddenly pulled into a different region of the Abyss!
You start resting. 2 very ugly things come into view.
A cyan ugly thing comes into view.
The cyan very ugly thing gurgles horribly!
A cyan very ugly thing comes into view.
The cyan very ugly thing gurgles horribly! x2
As you read the scroll of teleportation, it crumbles to dust.
You feel strangely unstable.
You feel the power of the Abyss delaying your translocation!
The cyan very ugly thing basks in the mutagenic energy from its kin and The purple very ugly thing basks in the mutagenic energy from its kin and The cyan very ugly thing basks in the mutagenic energy from its kin and The cyan very ugly thing basks in the mutagenic energy from its kin and The cyan very ugly thing claws you!
The cyan very ugly thing shocks you!! The cyan very ugly thing claws you!!
* * * LOW HITPOINT WARNING * * *
The cyan very ugly thing shocks you!!
You die...

.. u . .### #...
#..#..u### .# . .
........#.#.###..#
..#.####u.##...
.##..#.#ยง.#.#.#
#.#......#.#
#..####.## #u# #@#
###


You could see 2 very ugly things.

Vanquished Creatures
  A two-headed ogre (D:8)
  The ghost of princeOfDonkeys the Skirmisher, a novice OgMo of Okawaru (D:5)
  A wolf spider (D:8)
  A smoke demon (Abyss:2)
  2 gargoyles
  An efreet (Abyss:2)
  An ancient zyme (Abyss:2)
  Grinder (D:3)
  A wraith (D:8)
  A hungry ghost (D:7)
  Menkaure (D:7)
  A black bear (D:9)
  2 ice beasts
  An orc warrior (D:9)
  A sky beast (D:9)
  2 phantoms
  4 ogres
  A necrophage (D:8)
  6 centaurs
  3 big kobolds
  5 bullfrogs
  2 wyvern zombies
  3 scorpions
  A troll zombie (D:8)
  A water moccasin skeleton (D:7)
  11 killer bees (D:9)
  3 wights (D:8)
  A troll skeleton (D:8)
  3 howler monkeys
  6 crimson imps
  A centaur zombie (D:8)
  2 bullfrog zombies
  A jelly (D:7)
  2 orc priests (D:5)
  Crazy Yiuf (D:4)
  2 hounds
  2 orc wizards
  3 human zombies (D:8)
  Jessica (D:3)
  A bullfrog skeleton (D:5)
  A centaur skeleton (D:9)
  2 human skeletons (D:8)
  3 iguanas
  4 worker ants
  A hound zombie (D:8)
  2 hound skeletons
  A worker ant zombie (D:8)
  A howler monkey skeleton (D:9)
  15 adders
  A shadow imp (D:5)
  2 oozes (D:6)
  3 adder skeletons
  5 worms
  5 dart slugs
  2 leopard geckos
  27 orcs
  2 ball pythons (D:2)
  5 giant cockroaches
  9 goblins
  8 hobgoblins
  14 jackals
  14 kobolds
  3 quokkas
  7 bats
  3 frilled lizards
  A goblin zombie (D:10)
  An orc zombie (D:10)
  A quokka zombie (D:6)
  13 rats
241 creatures vanquished.

Vanquished Creatures (others)
  A kobold (D:10)
1 creature vanquished.

Grand Total: 242 creatures vanquished

Notes
Turn   | Place    | Note
-------+----------+-------------------------------------------
     0 | D:1      | zishaf the Vine Stalker Assassin began the quest for the
                  | Orb.
     0 | D:1      | Reached XP level 1. HP: 11/11 MP: 2/2
   343 | D:1      | Reached skill level 1 in Dodging
   343 | D:1      | Reached skill level 5 in Stealth
   343 | D:1      | Reached XP level 2. HP: 15/15 MP: 3/3
   768 | D:1      | Reached XP level 3. HP: 17/18 MP: 4/4
  1307 | D:2      | Gained mutation: Your natural rate of healing is unusually
                  | fast. [Vine Stalker growth]
  1307 | D:2      | Reached XP level 4. HP: 17/23 MP: 3/5
  1767 | D:2      | Reached XP level 5. HP: 27/27 MP: 6/6
  1871 | D:3      | Reached skill level 1 in Shields
  1904 | D:3      | Noticed Grinder
  1912 | D:3      | Paralysed by Grinder for 2 turns
  2099 | D:3      | Found a hide-covered altar of Uskayaw.
  2119 | D:3      | Became a worshipper of Uskayaw the Reveler
  2131 | D:3      | Reached * piety under Uskayaw
  2156 | D:3      | Reached ** piety under Uskayaw
  2160 | D:3      | Reached *** piety under Uskayaw
  2161 | D:3      | Killed Grinder
  2161 | D:3      | Reached XP level 6. HP: 11/32 MP: 7/7
  2301 | D:3      | Found a glowing silver altar of Zin.
  2307 | D:3      | Found a basalt altar of Yredelemnul.
  2307 | D:3      | Found a radiant altar of Vehumet.
  2307 | D:3      | Found a sacrificial altar of Ru.
  2308 | D:3      | Found an iron altar of Okawaru.
  2380 | D:3      | Noticed Jessica
  2389 | D:3      | Killed Jessica
  2746 | D:4      | Reached XP level 7. HP: 30/36 MP: 8/8
  2772 | D:4      | Reached skill level 1 in Invocations
  2871 | D:4      | Found an opulent altar of Gozag.
  2948 | D:4      | Found a runed door.
  3584 | D:4      | Noticed Crazy Yiuf
  3592 | D:4      | Killed Crazy Yiuf
  3633 | D:5      | Entered Level 5 of the Dungeon
  3711 | D:5      | Found a runed door.
  3809 | D:5      | Gained mutation: You have razor-sharp teeth. [Vine Stalker
                  | growth]
  3809 | D:5      | Reached XP level 8. HP: 31/42 MP: 10/10
  3876 | D:5      | Found Wypp's Jewellery Shop.
  3890 | D:5      | Bought a +3 amulet of reflection for 172 gold pieces
  3944 | D:5      | Noticed a moth of wrath
  3947 | D:5      | Found a bloodstained altar of Trog.
  4053 | D:5      | Found a staircase to the Ecumenical Temple.
  4190 | D:5      | Noticed princeOfDonkeys's ghost (novice OgMo)
  4206 | D:6      | Found a shimmering altar of Xom.
  4207 | D:6      | Noticed a green ugly thing
  4252 | D:6      | Found Kohajaang's General Store.
  4325 | D:6      | Bought a scroll of identify for 22 gold pieces
  4325 | D:6      | Bought 5 needles of paralysis for 33 gold pieces
  4426 | D:6      | Found a transporter.
  4430 | D:6      | Found a transporter.
  4462 | D:6      | Found Kaiquvo's Antique Weapon Boutique.
  4462 | D:6      | Found Henufeab's Book Boutique.
  4479 | D:6      | Found Beklaen's Book Boutique.
  4481 | D:6      | Found Syonimerri's Distillery.
  4685 | D:7      | Reached skill level 5 in Short Blades
  4691 | D:7      | Reached skill level 5 in Fighting
  4697 | D:7      | Reached **** piety under Uskayaw
  4699 | D:7      | Reached ***** piety under Uskayaw
  4759 | D:7      | Reached XP level 9. HP: 47/47 MP: 13/13
  4866 | D:7      | Reached skill level 1 in Armour
  5137 | D:7      | Noticed Menkaure
  5151 | D:7      | Killed Menkaure
  5405 | D:8      | Reached skill level 5 in Invocations
  5492 | D:8      | Found a snail-covered altar of Cheibriados.
  5497 | D:8      | Found a hazy altar of Hepliaklqana.
  5630 | D:8      | Noticed a two-headed ogre
  5641 | D:8      | Killed a two-headed ogre
  5688 | D:8      | Found a staircase to the Lair.
  5713 | D:8      | Reached XP level 10. HP: 53/53 MP: 15/15
  5966 | D:8      | Found an ancient bone altar of Kikubaaqudgha.
  6161 | D:8      | Noticed a wolf spider
  6167 | D:8      | Killed a wolf spider
  6185 | D:8      | HP: 2/53 [poisoned by a wolf spider]
  6190 | D:8      | HP: 2/53 [poisoned by a wolf spider]
  6314 | D:8      | Reached skill level 5 in Armour
  6322 | D:8      | Noticed a gargoyle
  6326 | D:8      | Killed a gargoyle
  6726 | D:5      | Killed princeOfDonkeys's ghost
  7283 | D:9      | Found a blossoming altar of Fedhas.
  7416 | D:9      | HP: 2/55 [killer bee (5)]
  7422 | D:9      | HP: 2/55 [poisoned by a killer bee]
  7597 | D:9      | Found a sparkling altar of Nemelex Xobeh.
  7851 | D:10     | Entered Level 10 of the Dungeon
  7864 | D:10     | Reached XP level 11. HP: 55/58 MP: 17/17
  7915 | D:10     | Noticed Sonja
  8145 | D:10     | Found a staircase to the Orcish Mines.
  8179 | D:10     | Cast into level 2 of the Abyss (Sonja)
  8231 | Abyss:2  | Found a corrupted altar of Lugonu.
  8231 | Abyss:2  | Noticed a tentacled starspawn
  8393 | Abyss:2  | Noticed a starcursed mass
  8431 | Abyss:2  | Noticed a large abomination
  8440 | Abyss:2  | Noticed a worldbinder
  8488 | Abyss:2  | Noticed a cyan very ugly thing
  8488 | Abyss:2  | Noticed a cyan very ugly thing
  8488 | Abyss:2  | Noticed a cyan ugly thing
  8490 | Abyss:2  | Noticed a cyan very ugly thing
  8503 | Abyss:2  | Slain by a cyan very ugly thing

Vault maps used:
D:1:      onia_arrival_pyramid
D:2:      kennysheep_six_static_rooms, first_ration
D:3:      old_standard_altar, grunt_temple_overflow_open, minmay_statues_item,
          hex_tiny, uniq_grinder, uniq_jessica
D:4:      kennysheep_mini, st_stairs_3, uniq_crazy_yiuf_cottage
D:5:      tgw_trog, minmay_temple_entry_purple_smoke, gammafunk_ghost_grave,
          minmay_shop_enchanted_jewellery
D:6:      gammafunk_temple_overflow_arena, serial_shops,
          nicolae_shop_statue_plus, ebering_dispersal_statue_hall,
          minmay_shop_grid_forest, grunt_ministairs_1
D:7:      uniq_menkaure
D:8:      lemuel_round_altar, lemuel_crystal_altar,
          lemuel_mausoleum_altar_kikubaaqudgha, dpeg_oklobed_lair,
          grunt_ogre_cave, minmay_three_doors
D:9:      overflow_temple_1_default, fedhas_bush_and_centaur_altar
D:10:     zombieorc2_lemuel, grunt_ministairs_6, uniq_sonja
Abyss:2:  hangedman_abyss_or_decor_stagger

Skill      XL: |  1  2  3  4  5  6  7  8  9 10 11 |
---------------+----------------------------------+-----
Dodging        | 1 |  1.6
Stealth        | 5 6 7 |  7.4
Fighting       | 2 3 5 6 7 |  7.4
Throwing       | 2 |  2.4
Short Blades   | 2 3 5 6 7 |  7.5
Shields        | 2 3 4 |  4.0
Invocations    | 1 4 5 6 7 |  7.1
Armour         | 4 6 |  6.7

Action                   |  1- 3 |  4- 6 |  7- 9 | 10-12 || total
-------------------------+-------+-------+-------+-------++-------
Melee: Dagger            |    78 |   167 |   269 |   260 ||   774
       Bite              |    19 |    51 |    90 |    79 ||   239
Throw: Stone             |       |       |     1 |       ||     1
  Use: Scroll            |       |       |    11 |     7 ||    18
       Potion            |       |       |       |     2 ||     2
 Stab: Sleeping          |     7 |     5 |    19 |    11 ||    42
       Distracted        |       |     1 |     1 |     1 ||     3
       Paralysed         |       |     3 |    11 |    15 ||    29
  Eat: Chunk             |     1 |     5 |    13 |     6 ||    25
       Ration            |       |       |       |     1 ||     1
Armor: Robe              |     8 |       |       |       ||     8
       Ring mail         |     3 |    46 |    54 |    55 ||   158
       Skin              |       |       |       |     3 ||     3
Dodge: Dodged            |    27 |    70 |    71 |   117 ||   285
Block: Buckler           |       |    12 |    55 |    89 ||   156
       Reflection        |       |       |     2 |     3 ||     5

Table legend:
 A = Non-vault XP
 B = Vault XP
 C = Vault XP percentage of total XP
 D = Non-vault monster count
 E = Vault monster count
 F = Vault count percentage of total count
                 A         B        C        D         E       F
            +---------+---------+-------+---------+---------+-------
      Total |    6500 |    4712 |  42.0 |     194 |      47 |  19.5
            +---------+---------+-------+---------+---------+-------
        D:1 |      48 |       0 |   0.0 |      24 |       0 |   0.0
        D:2 |     116 |      14 |  10.8 |      27 |       6 |  18.2
        D:3 |     104 |     309 |  74.8 |      16 |       2 |  11.1
        D:4 |     296 |      78 |  20.9 |      15 |       3 |  16.7
        D:5 |     459 |     559 |  54.9 |      22 |       6 |  21.4
        D:6 |     545 |       0 |   0.0 |      12 |       0 |   0.0
        D:7 |    1346 |     172 |  11.3 |      27 |       1 |   3.6
        D:8 |    1125 |    2012 |  64.1 |      11 |      16 |  59.3
        D:9 |    1829 |     118 |   6.1 |      31 |       1 |   3.1
       D:10 |     288 |     629 |  68.6 |       8 |      10 |  55.6
    Abyss:2 |     344 |     821 |  70.5 |       1 |       2 |  66.7
            +---------+---------+-------+---------+---------+-------
